 Dungeon Crawl Stone Soup version 0.30.0-29-ga12c61a403 (webtiles) character file.

Game seed: 4838969529597397959

42 Bnni the Digger (level 3, 0/25 HPs)
             Began as a Formicid Earth Elementalist on June 21, 2023.
             Slain by Terence
             ... wielding a +2 hand axe of electrocution
              (16 damage)
             ... on level 2 of the Dungeon.
             The game lasted 00:01:45 (985 turns).

Bnni the Digger (Formicid Earth Elementalist)        Turns: 985, Time: 00:01:46

Health: 0/25       AC:  2    Str: 12    XL:     3   Next: 80%
Magic:  2/6        EV: 17    Int: 16    God:
Gold:   63         SH:  0    Dex: 14    Spells: 0/6 levels left

rFire   . . .        k - +0 sling
rCold   . . .        (no shield)
rNeg    . . .        a - +0 robe
rPois   .            (helmet unavailable)
rElec   .            (no cloak)
rCorr   .            (no gloves)
SInv    +            (no boots)
Will    .....        (no amulet)
Stlth   ++           h - +5 ring of evasion
HPRegen 0.24/turn    (no ring)
MPRegen 0.10/turn

%: no passive effects
@: no status effects
A: permanent stasis, dig shafts and tunnels, antennae 3, four strong arms
a: Dig, Shaft Self


You were on level 2 of the Dungeon.
You visited 1 branch of the dungeon, and saw 2 of its levels.

You collected 63 gold pieces.

Inventory:

Hand Weapons
 k - a +0 sling (weapon)
Missiles
 d - 9 poisoned darts
Armour
 a - a +0 robe (worn)
 i - a +0 ring mail
Jewellery
 h - a +5 ring of evasion (left hand)
Scrolls
 f - a scroll of vulnerability {unknown}
 j - a scroll of magic mapping {unknown}
 o - a scroll of amnesia {unknown}
Potions
 b - a potion of magic
 c - a potion of invisibility {unknown}
 e - a potion of haste {unknown}
 g - a potion of resistance {unknown}
 l - a potion of flight {unknown}
 m - a potion of cancellation {unknown}
 n - a potion of berserk rage {unknown}


   Skills:
 + Level 0.5 Fighting
 - Level 1.7 Dodging
 - Level 2.4 Stealth
 + Level 2.3 Spellcasting
 * Level 1.1 Conjurations
 * Level 2.1 Transmutations
 * Level 4.2 Earth Magic


You couldn't memorise any spells.
You knew the following spells:

 Your Spells              Type           Power      Damage    Failure   Level
a - Sandblast             Erth           30%        2d9       3%          1
b - Passwall              Tmut/Erth      10%        N/A       9%          2
c - Stone Arrow           Conj/Erth      20%        3d8       21%         3

Your spell library contained the following spells:

 Spells                   Type           Power      Damage    Failure   Level
 Scorch                   Fire           2%         2d5       30%         2
 Petrify                  Tmut/Erth      12%        N/A       47%         4
 Flame Wave               Conj/Fire      3%         2d5       83%         4
 Summon Cactus Giant      Summ           0%         N/A       100%        6


Dungeon Overview and Level Annotations

Branches:
Dungeon (2/15)

Altars:

Annotations:
D:2 Terence


Innate Abilities, Weirdness & Mutations

You cannot be hasted, slowed, berserked, paralysed or teleported.
You can dig through walls and to a lower floor.
You have a pair of large antennae on your head. (SInv)
Your four strong arms can wield two-handed weapons with a shield.


Message History

d - 9 poisoned darts (gained 3) Terence the Incautious comes into view.
He is wielding a +2 hand axe of electrocution.
Found a whip.
You shoot a sling bullet.
The sling bullet hits Terence but does no damage.
Terence shouts!
Casting: Sandblast (safe; 3% risk of failure)
Confirm with . or Enter, or press ? or * to list all spells.
Aiming: Sandblast (safe; 3% risk of failure)
Press: ? - help, Shift-Dir - straight line, f/p - Terence
Aim: Terence, wielding a +2 hand axe of electrocution and wearing a +0 scale mail (84% to hit)
The blast of sand hits Terence!
Terence is moderately wounded.
A worm comes into view.
Casting: Sandblast (safe; 3% risk of failure)
Confirm with . or Enter, or press ? or * to list all spells.
Aiming: Sandblast (safe; 3% risk of failure)
Press: ? - help, Shift-Dir - straight line, f/p - Terence
Aim: Terence, wielding a +2 hand axe of electrocution and wearing a +0 scale mail (moderately wounded, 84% to hit)
The blast of sand hits Terence but does no damage.
Terence is moderately wounded.
Terence completely misses you.
Casting: Sandblast (safe; 3% risk of failure)
Confirm with . or Enter, or press ? or * to list all spells.
Aiming: Sandblast (safe; 3% risk of failure)
Press: ? - help, Shift-Dir - straight line, f/p - Terence
Aim: Terence, wielding a +2 hand axe of electrocution and wearing a +0 scale mail (moderately wounded, 84% to hit)
The blast of sand misses Terence.
Terence barely misses you.
Unknown command.
Casting: Sandblast (safe; 3% risk of failure)
Confirm with . or Enter, or press ? or * to list all spells.
Aiming: Sandblast (safe; 3% risk of failure)
Press: ? - help, Shift-Dir - straight line, f/p - Terence
Aim: Terence, wielding a +2 hand axe of electrocution and wearing a +0 scale mail (moderately wounded, 84% to hit)
The blast of sand hits Terence but does no damage.
Terence is moderately wounded.
Terence hits you with a +2 hand axe of electrocution. x2
You are electrocuted!
Ouch! That really hurt!
You die...

......#.###.......##.## #.#
##.........#..#.#..#..####
#.#
.#.......#..#...#.†......###
...
.....................>.)....
...
.##.†.##...........#.######
... ....#.#
..##..⌠..........# ...<#.#
....8.8.........# ....#.#
#..............# ....#..
..##.@........### ....##.
#..^.@#######....# ....# ..
...###. ###<## .#### . #.
### { . .. . ..{ ... .).


You could see Terence.

Vanquished Creatures
  A dart slug (D:1)
  4 ball pythons
  7 bats
  5 endoplasms
  2 giant cockroaches
  4 goblins
  2 hobgoblins (D:2)
  4 kobolds
  2 quokkas
  3 frilled lizards
  3 rats
37 creatures vanquished.

Notes
Turn   | Place    | Note
-------+----------+-------------------------------------------
     0 | D:1      | Bnni the Formicid Earth Elementalist began the quest for
                  | the Orb.
     0 | D:1      | Reached XP level 1. HP: 13/13 MP: 3/3
   175 | D:1      | Reached XP level 2. HP: 13/19 MP: 0/5
   348 | D:1      | Reached skill level 4 in Earth Magic
   634 | D:2      | Reached XP level 3. HP: 21/25 MP: 6/6
   729 | D:2      | Reached skill level 1 in Conjurations
   899 | D:2      | Learned a level 2 spell: Passwall
   903 | D:2      | Learned a level 3 spell: Stone Arrow
   980 | D:2      | Noticed Terence
   985 | D:2      | Slain by Terence

Illustrated notes

Levels and vault maps discovered:
D:1:      roderic_chinese_lattice_arrival, layout_rooms,
          amcnicky_mini_corridor_feature
D:2:      layout_rooms, serial_bayou, serial_bayou_lagoon_a,
          serial_bayou_lake_a, serial_bayou_ford_a, serial_bayou_pond_b,
          hangedman_feature_mirror, kennysheep_donut, uniq_terence

Skill      XL: |  1  2  3 |
---------------+----------+-----
Earth Magic    | 4 |  4.2
Conjurations   | 1 |  1.1
Transmutations | 2 |  2.1
Fighting       | |  0.5
Dodging        | |  1.7
Stealth        | |  2.4
Spellcasting   | |  2.3

Action                     || total
---------------------------++-------
  Melee: Unarmed           ||    11
   Fire: Sling             ||    77
   Cast: Sandblast         ||    31
 Armour: Robe              ||    10
  Dodge: Dodged            ||    65
